 Dungeon Crawl Stone Soup version 0.25.0-9-g26727b657a (webtiles) character file.

Game seed: 8248572808872953195

264 Alannah the Shooter (level 5, -3/42 HPs)
             Began as a Demonspawn Hunter on June 17, 2020.
             Slain by Purgy the salamander (shapeshifter) (6 damage)
             ... in a sewer.
             The game lasted 00:08:03 (2850 turns).

Alannah the Shooter (Demonspawn Hunter)             Turns: 2850, Time: 00:08:04

Health: -3/42      AC:  8    Str: 13    XL:     5   Next: 98%
Magic:  0/5        EV: 11    Int: 13    God:
Gold:   139        SH:  0    Dex: 13    Spells: 4/4 levels left

rFire    + . .     SeeInvis .   s - +0 dagger (chaos)
rCold    x . .     Gourm    .   (no shield)
rNeg     . . .     Faith    .   j - +0 ring mail
rPois    .         Spirit   +   (no helmet)
rElec    .         Reflect  .   q - +0 cloak
rCorr    .         Harm     .   i - +0 pair of gloves
MR       .....                  (no boots)
Stlth    +.........             (no amulet)
HPRegen  0.14/turn              l - ring of fire
MPRegen  0.09/turn              t - +4 ring of slaying (curse)

@: no status effects
A: rugged brown scales 1, magic shield
a: no special abilities


You were in a sewer.
You were not hungry.

You visited 1 branch of the dungeon, and saw 3 of its levels.
You also visited: Sewer.

You collected 139 gold pieces.

Inventory:

Hand Weapons
 a - a +1 shortbow
 b - a +1 short sword
 s - a +0 dagger of chaos (weapon)
 u - a +0 rapier
Missiles
 d - 15 arrows
Armour
 c - a +0 leather armour
 i - a +0 pair of gloves (worn)
 j - a +0 ring mail (worn)
 q - a +0 cloak (worn)
Jewellery
 l - a ring of fire (left hand)
 t - a cursed +4 ring of slaying (right hand)
Scrolls
 e - 3 scrolls of remove curse
 h - 3 scrolls of teleportation
 m - a scroll of vulnerability {unknown}
Potions
 k - a potion of haste
 n - a potion of lignification
 o - 2 potions of flight
 p - 2 potions of mutation {unknown}
 r - a potion of magic {unknown}
 v - a potion of invisibility {unknown}
Comestibles
 f - 7 rations
 g - a chunk of flesh


   Skills:
 + Level 3.0 Fighting
 * Level 2.9 Short Blades
 + Level 4.2 Bows
 * Level 2.9 Armour
 - Level 1.7 Dodging
 - Level 0.8 Stealth


You had 4 spell levels left.
You didn't know any spells.
Your spell library was empty.

Dungeon Overview and Level Annotations

Branches:
Dungeon (3/15)              Sewer (1/1)

Altars:
Elyvilon
Xom

Annotations:
Sewer Purgy


Innate Abilities, Weirdness & Mutations

You are partially covered in rugged brown scales. (AC +1, +3% HP)
When hurt, damage is shared between your health and your magic reserves.


Message History

Reactivating autopickup.
Purgy is moderately wounded.
Purgy the shapeshifter changes into a komodo dragon!
You hit Purgy. You freeze Purgy.
Purgy is lightly wounded.
Purgy the komodo dragon changes into a salamander!
You hit Purgy.
You feel better.
Purgy is lightly wounded.
You closely miss Purgy.
Purgy is lightly wounded.
Purgy hits you.
* * * LOW HITPOINT WARNING * * *
You are engulfed in flames.
You resist.
* * * LOW HITPOINT WARNING * * *
You hit Purgy.
Purgy appears confused.
Purgy is lightly wounded.
Purgy hits you.
* * * LOW HITPOINT WARNING * * *
You are engulfed in flames!
You resist.
You die...

#..'.≈≈≈.'..#
####.≈≈≈.####
####.≈≈≈.####
#..).≈≈≈(').#
####.≈≈≈.####
####.≈≈≈.####
#..'..∩....∩#
####.≈≈≈.####
####.≈≈≈@#
#..'.≈≈≈.N.?#
####.≈≈≈.####
####.≈≈≈.#
#..'.≈≈≈.+
####.≈≈≈.#
####.≈≈≈.#
#..'.≈≈≈.+
##########


You could see Purgy the salamander shaped shifter (confused).

Vanquished Creatures
  4 crimson imps (D:3)
  Crazy Yiuf (D:3)
  3 adders (D:3)
  An ooze (D:1)
  5 worms
  A dart slug (D:1)
  An orc (D:3)
  8 bats
  3 giant cockroaches (D:1)
  3 goblins
  7 hobgoblins
  4 jackals (D:1)
  8 kobolds
  A ball python (D:1)
  3 frilled lizards
  8 rats
61 creatures vanquished.

Notes
Turn   | Place    | Note
-------+----------+-------------------------------------------
     0 | D:1      | Alannah the Demonspawn Hunter began the quest for the Orb.
     0 | D:1      | Reached XP level 1. HP: 16/16 MP: 1/1
   125 | D:1      | Gained mutation: You are partially covered in rugged brown
                  | scales. (AC +1, +3% HP) [demonic ancestry]
   125 | D:1      | Reached XP level 2. HP: 16/22 MP: 2/2
   227 | D:1      | Reached skill level 1 in Short Blades
   227 | D:1      | Reached skill level 1 in Armour
   563 | D:1      | Gained mutation: When hurt, damage is shared between your
                  | health and your magic reserves. [demonic ancestry]
   563 | D:1      | Reached XP level 3. HP: 27/27 MP: 3/3
  2138 | D:3      | Reached XP level 4. HP: 21/35 MP: 2/4
  2399 | D:3      | Found a shimmering altar of Xom.
  2415 | D:3      | Reached skill level 4 in Bows
  2422 | D:3      | Reached XP level 5. HP: 27/40 MP: 5/5
  2461 | D:3      | Found a white marble altar of Elyvilon.
  2515 | D:3      | Found a faded altar of an unknown god.
  2590 | D:3      | Found a runed translucent door.
  2591 | D:3      | Noticed Crazy Yiuf
  2603 | D:3      | Killed Crazy Yiuf
  2678 | D:3      | Found a glowing drain.
  2704 | Sewer    | Entered a sewer
  2832 | Sewer    | Noticed Purgy
  2846 | Sewer    | Noticed Purgy
  2846 | Sewer    | Noticed Purgy
  2846 | Sewer    | Purgy the shapeshifter changed into Purgy the komodo dragon
  2847 | Sewer    | Noticed Purgy
  2847 | Sewer    | Purgy the komodo dragon changed into Purgy the salamander
  2850 | Sewer    | Slain by Purgy the salamander (shapeshifter)

Illustrated notes

Levels and vault maps discovered:
D:1:      evilmike_arrival_hilbert_curve, layout_basic, minivault_14,
          corexii_hall_statues_l
D:2:      layout_loops_ring
D:3:      layout_rooms, led_xom_imps, chequers_ecumenical_altar_simple_redux,
          first_ration, cheibrodos_sewer_entry_bend, elyvilon_altar_5,
          uniq_crazy_yiuf_cottage
Sewer:    kennysheep_door_sewer

Skill      XL: |  1  2  3  4  5 |
---------------+----------------+-----
Short Blades   | 1 2 |  2.9
Armour         | 1 2 |  2.9
Bows           | 4 |  4.2
Fighting       | 3 |  3.0
Dodging        | |  1.7
Stealth        | |  0.8

Action                   |  1- 3 |  4- 6 || total
-------------------------+-------+-------++-------
Melee: Short sword       |    87 |    51 ||   138
       Dagger            |       |    39 ||    39
 Fire: Shortbow          |    72 |     7 ||    79
  Use: Scroll            |     7 |     2 ||     9
  Eat: Chunk             |     4 |     2 ||     6
Armor: Leather armour    |     1 |       ||     1
       Ring mail         |    27 |    37 ||    64
Dodge: Dodged            |    57 |    51 ||   108
